 Dungeon Crawl Stone Soup version 0.25-a0-603-g0321be95db (webtiles) character file.

Game seed: 5588073916389163071, levelgen mode: deterministic

20 Notrik the Skirmisher (level 2, 0/20 HPs)
             Began as a Gargoyle Fighter on Mar 16, 2020.
             Slain by a ball python (1 damage)
             ... on level 1 of the Dungeon.
             The game lasted 00:01:34 (887 turns).

Notrik the Skirmisher (Gargoyle Fighter)             Turns: 887, Time: 00:01:35

Health: 0/20       AC:  9    Str: 19    XL:     2   Next: 79%
Magic:  2/2        EV:  4    Int:  8    God:
Gold:   33         SH:  9    Dex:  9    Spells: 1/1 levels left

rFire    . . .     SeeInvis .   a - +0 flail
rCold    . . .     Gourm    .   c - +0 kite shield
rNeg     + . .     Faith    .   b - +0 scale mail
rPois    ∞         Spirit   .   (no helmet)
rElec    +         Reflect  .   (no cloak)
rCorr    .         Harm     .   (no gloves)
MR       .....                  (no boots)
Stlth    ..........             (no amulet)
HPRegen  0.06/turn              (no ring)
MPRegen  0.08/turn              (no ring)

@: constricted
A: negative energy resistance 1, electricity resistance, unbreathing,
petrification resistance, rot immunity, AC +2
a: no special abilities


You were on level 1 of the Dungeon.
You were not hungry.

You visited 1 branch of the dungeon, and saw 2 of its levels.

You collected 33 gold pieces.

Inventory:

Hand Weapons
 a - a +0 flail (weapon)
Armour
 b - a +0 scale mail (worn)
 c - a +0 kite shield (worn)
Scrolls
 f - a scroll of identify {unknown}
Potions
 d - a potion of might
 g - a potion of experience {unknown}
Comestibles
 e - a ration {!d}


   Skills:
 * Level 4.0 Fighting
 + Level 2.4 Maces & Flails
 - Level 3.2 Armour
 - Level 3.2 Shields


You had one spell level left.
You didn't know any spells.
Your spell library contained the following spells:

 Spells                   Type           Power        Failure   Level  Hunger
 Corona                   Hex            #......      99%         1    ##.....
 Ensorcelled Hibernation  Hex/Ice        #.....       100%        2    ###....
 Confusing Touch          Hex            #.......     100%        3    ####...
 Dazzling Flash           Conj/Hex       #.....       100%        3    ####...
 Tukima's Dance           Hex            #.......     100%        3    ####...


Dungeon Overview and Level Annotations

Branches:
Dungeon (2/15)

Altars:
Xom


Innate Abilities, Weirdness & Mutations

You are resistant to torment.
Your stone body is resilient. (AC +2)
You are immune to poison.
You resist negative energy. (rN+)
You are resistant to electric shocks. (rElec)
You can survive without breathing.
You are immune to petrification.
You are immune to rotting.


Message History

You escape the ball python's grasp.
You climb upwards.
There is a stone staircase leading down here.
You hit the worm. The ball python barely misses you.
You block the ball python's attack. The ball python bites you.
* * * LOW HITPOINT WARNING * * *
The ball python barely misses you. The worm bites you but does no damage.
Your shield and scale mail prevent you from hitting the worm.
You block the ball python's attack. The ball python grabs you.
The ball python constricts you. You block the worm's attack.
The ball python completely misses you. The ball python constricts you.
You barely miss the worm.
The ball python bites you but does no damage.
The ball python constricts you.
You hit the worm.
The ball python bites you but does no damage.
The ball python constricts you. You block the worm's attack.
The ball python bites you.
* * * LOW HITPOINT WARNING * * *
The ball python constricts you.
You hit the worm.
The ball python bites you but does no damage.
The ball python constricts you. The worm barely misses you.
You thump the worm! You block the ball python's attack.
* * * LOW HITPOINT WARNING * * *
The ball python constricts you.
The ball python bites you but does no damage.
The ball python constricts you. The worm completely misses you.
You hit the worm. You block the ball python's attack.
The ball python constricts you. The ball python bites you.
* * * LOW HITPOINT WARNING * * *
The ball python constricts you. The worm bites you but does no damage.
You barely miss the worm.
The ball python bites you but does no damage.
The ball python constricts you. The worm bites you but does no damage.
You block the ball python's attack.
* * * LOW HITPOINT WARNING * * *
The ball python constricts you.
You hit the worm. You block the ball python's attack.
The ball python constricts you.
You barely miss the worm.
The ball python bites you but does no damage.
The ball python constricts you. The worm bites you but does no damage.
The ball python barely misses you. The ball python constricts you.
Your shield and scale mail prevent you from hitting the worm.
The ball python bites you but does no damage.
The ball python constricts you. You block the worm's attack.
The ball python barely misses you. The ball python constricts you.
You barely miss the worm. You block the ball python's attack.
You die...

#.#########.
###############.# #.
#.............#.# #.
#.###########.#.# #. #.#
###.......#.## #.
#.###.....)......########.
#.....#######.............
#..####..÷.##.<...........
#.>...#..@w##>....##...###
#.###.#...S##.....##...#
#.# #.####'#'.....##...###
#.# #.# ##>#.)........'..
#.# #.# ###....###...###
#.###.# #....# #...#
#.....##### #'#### #...#
#####.....# ##.# #...#
#)....# #.# #####


You could see a worm and a ball python.

Vanquished Creatures
  A dart slug (D:1)
  A ball python (D:1)
  A giant cockroach (D:1)
  4 goblins (D:1)
  2 hobgoblins (D:1)
  4 bats (D:1)
  A frilled lizard (D:1)
  2 kobolds (D:1)
  A rat (D:1)
17 creatures vanquished.

Notes
Turn   | Place    | Note
-------+----------+-------------------------------------------
     0 | D:1      | Notrik the Gargoyle Fighter began the quest for the Orb.
     0 | D:1      | Reached XP level 1. HP: 14/14 MP: 1/1
    31 | D:1      | Reached XP level 2. HP: 20/20 MP: 2/2
    68 | D:1      | Found a shimmering altar of Xom.
   492 | D:1      | Reached skill level 4 in Fighting
   883 | D:1      | HP: 1/20 [ball python (1)]
   887 | D:1      | Slain by a ball python

Levels and vault maps discovered:
D:1:      dpeg_arrival_connections, layout_basic, xom_teletrap_fun
D:2:      layout_rooms, vehumet_crystals, lemuel_round_altar,
          chequers_ecumenical_altar_island, uniq_natasha, uniq_jessica

Skill      XL: |  1  2 |
---------------+-------+-----
Fighting       | 4 |  4.0
Maces & Flails | |  2.4
Armour         | |  3.2
Shields        | |  3.2

Action                   || total
-------------------------++-------
Melee: Flail             ||    87
Armor: Scale mail        ||    61
Dodge: Dodged            ||    35
Block: Kite shield       ||    65

Table legend:
 A = Non-vault XP
 B = Vault XP
 C = Vault XP percentage of total XP
 D = Non-vault monster count
 E = Vault monster count
 F = Vault count percentage of total count
                 A         B        C        D         E       F
            +---------+---------+-------+---------+---------+-------
      Total |      29 |       0 |   0.0 |      17 |       0 |   0.0
            +---------+---------+-------+---------+---------+-------
        D:1 |      29 |       0 |   0.0 |      17 |       0 |   0.0
            +---------+---------+-------+---------+---------+-------
